 Dungeon Crawl Stone Soup version 0.29.0-7-g18a832c13a (webtiles) character file.

Game seed: 17395660814556997904

55 voltaire321 the Conjurer (level 4, -1/25 HPs)
             Began as a Kobold Conjurer on Aug 30, 2022.
             Slain by Crazy Yiuf
             ... wielding a +3 quarterstaff of chaos
              (15 damage)
             ... on level 2 of the Dungeon.
             The game lasted 00:04:30 (2719 turns).

voltaire321 the Conjurer (Kobold Conjurer)          Turns: 2719, Time: 00:04:31

Health: -1/25      AC:  3    Str:  6    XL:     4   Next: 14%
Magic:  1/8        EV: 15    Int: 19    God:
Gold:   119        SH:  0    Dex: 13    Spells: 5/8 levels left

rFire   . . .      SeeInvis .   m - +1 dagger (venom)
rCold   . . .      Faith    .   (no shield)
rNeg    . . .      Spirit   .   a - +0 robe
rPois   .          Reflect  .   l - +0 helmet
rElec   .          Harm     .   (no cloak)
rCorr   .          Rampage  .   (no gloves)
Will    .....                   (no boots)
Stlth   ++........              (no amulet)
HPRegen 0.08/turn               (no ring)
MPRegen 0.11/turn               (no ring)

@: confused
A: small, no large weapons, nightstalker 3
a: no special abilities


You were on level 2 of the Dungeon.
You visited 1 branch of the dungeon, and saw 2 of its levels.

You collected 119 gold pieces.

Inventory:

Hand Weapons
 m - a +1 dagger of venom (weapon)
Missiles
 d - 5 poisoned darts
 g - a throwing net
Armour
 a - a +0 robe (worn)
 l - a +0 helmet (worn)
Scrolls
 c - a scroll of summoning {unknown}
 e - a scroll of vulnerability {unknown}
 h - 2 scrolls of identify {unknown}
 i - a scroll of amnesia {unknown}
 j - 2 scrolls of teleportation
Potions
 b - a potion of magic
 f - a potion of ambrosia {unknown}
 k - 2 potions of attraction {unknown}
 n - a potion of curing {unknown}


   Skills:
 + Level 1.4 Fighting
 + Level 3.1 Dodging
 + Level 3.5 Stealth
 + Level 2.6 Spellcasting
 + Level 4.2 Conjurations


You had 5 spell levels left.
You knew the following spells:

 Your Spells              Type           Power      Damage    Failure   Level
a - Magic Dart            Conj           72%        1d6       2%          1
b - Searing Ray           Conj           36%        2d5       4%          2

Your spell library contained the following spells:

 Spells                   Type           Power      Damage    Failure   Level
 Dazzling Flash           Conj/Hex       20%        N/A       21%         3
 Fulminant Prism          Conj/Hex       5%         3d7       54%         4
 Iskenderun's Mystic Bla  Conj/Tloc      10%        2d4       54%         4


Dungeon Overview and Level Annotations

Branches:
Dungeon (2/15)

Altars:

Annotations:
D:2 Crazy Yiuf


Innate Abilities, Weirdness & Mutations

You are small and have problems with some larger weapons.
You are completely attuned to the shadows.


Message History

You start resting.
HP restored.
Okay, then.
You now have 119 gold pieces (gained 8).
n - a blue potion
Found a runed translucent door.
Found a hammer.
As you open the door, it creaks loudly!
Crazy Yiuf shouts!
Casting: Searing Ray (safe; 4% risk of failure)
Confirm with . or Enter, or press ? or * to list all spells.
Aiming: Searing Ray (safe; 4% risk of failure)
Press: ? - help, Shift-Dir - straight line, f - Crazy Yiuf
Aim: Crazy Yiuf, wielding a +3 quarterstaff of chaos and wearing a +0 cloak (81% to hit)
The searing ray hits Crazy Yiuf.
Crazy Yiuf is lightly wounded. (Press . to maintain the ray.)
The searing ray hits Crazy Yiuf.
Crazy Yiuf is lightly wounded.
Crazy Yiuf whimpers, "Lay!"
The searing ray hits Crazy Yiuf.
Crazy Yiuf is heavily wounded.
Crazy Yiuf closely misses you.
The searing ray hits Crazy Yiuf.
Crazy Yiuf is heavily wounded.
You finish channelling your searing ray.
Crazy Yiuf says, "Snurf!"
Crazy Yiuf drinks a potion.
Crazy Yiuf seems to speed up.
Casting: Searing Ray (safe; 4% risk of failure)
Confirm with . or Enter, or press ? or * to list all spells.
Aiming: Searing Ray (safe; 4% risk of failure)
Press: ? - help, Shift-Dir - straight line, f/p - Crazy Yiuf
Aim: Crazy Yiuf, wielding a +3 quarterstaff of chaos and wearing a +0 cloak (heavily wounded, fast, 81% to hit)
The searing ray hits Crazy Yiuf!
Crazy Yiuf is almost dead. (Press . to maintain the ray.) Crazy Yiuf hits you with a +3 quarterstaff of chaos!
You are confused.
Crazy Yiuf hits you with a +3 quarterstaff of chaos!
Ouch! That really hurt!
You die...

#.....### ##..####.......# ##
#.......# #....# #.......###.
#.......# #PP..# #.......#...
#.......# ##...# #.........##
#.......# ##.## #.......###
###.##### ##.# #.......# #..##
#.## #.......# ######..# ##.#
#.......# #....##.## #@##
#.......# #....##..## #g#
#.......### #.........# ...
###.###...## #....##...# #...#
#..####..# #.......#.# #)..#
####.## ##.. #.........#
#.....#####. #....#...##
####..).....
#.<..##...###########..>...†....
#....##............#..##........


You could see Crazy Yiuf (fast).

Vanquished Creatures
  Robin (D:2)
  2 ball pythons (D:1)
  An endoplasm (D:1)
  4 giant cockroaches
  6 goblins (D:2)
  5 hobgoblins
  4 jackals (D:2)
  4 quokkas (D:2)
  4 bats
  A frilled lizard (D:2)
  2 kobolds (D:1)
  3 rats
37 creatures vanquished.

Notes
Turn   | Place    | Note
-------+----------+-------------------------------------------
     0 | D:1      | voltaire321 the Kobold Conjurer began the quest for the
                  | Orb.
     0 | D:1      | Reached XP level 1. HP: 10/10 MP: 3/3
   203 | D:1      | Reached XP level 2. HP: 16/16 MP: 0/5
   210 | D:1      | Learned a level 2 spell: Searing Ray
   529 | D:1      | Found a faded altar of an unknown god.
  1850 | D:2      | Reached XP level 3. HP: 13/20 MP: 4/6
  1851 | D:2      | Reached skill level 1 in Fighting
  2053 | D:2      | Noticed Robin
  2570 | D:2      | Killed Robin
  2571 | D:2      | Reached XP level 4. HP: 17/25 MP: 0/7
  2710 | D:2      | Found a runed translucent door.
  2713 | D:2      | Noticed Crazy Yiuf
  2719 | D:2      | Slain by Crazy Yiuf

Illustrated notes

Levels and vault maps discovered:
D:1:      dreamdust_arrival_beginning_and_end, layout_basic,
          shapermc_ecumenical_altar_flowoftime, minmay_liquid_box
D:2:      minmay_chambers_of_ones, layout_rooms, uniq_crazy_yiuf_cottage,
          uniq_robin

Skill      XL: |  1  2  3 |
---------------+----------+-----
Stealth        | 3 |  3.5
Fighting       | 1 |  1.4
Dodging        | 3 |  3.1
Spellcasting   | |  2.6
Conjurations   | |  4.2

Action                   |  1- 3 |  4- 6 || total
-------------------------+-------+-------++-------
Melee: Dagger            |    61 |     6 ||    67
 Cast: Magic Dart        |    46 |       ||    46
       Searing Ray       |     1 |     2 ||     3
  Use: Scroll            |     1 |       ||     1
 Stab: Sleeping          |     1 |       ||     1
Armor: Robe              |    14 |       ||    14
Dodge: Dodged            |    44 |     6 ||    50
